 Dungeon Crawl Stone Soup version 0.30-a0-358-g0d69a1922f (webtiles) character file.

Game seed: 10536999652983965847

9 p00ps00p the Trooper (level 2, -1/27 HPs)
             Began as a Hill Orc Fighter on Nov 10, 2022.
             Succumbed to a kobold's poison
             ... on level 1 of the Dungeon.
             The game lasted 00:00:43 (1000 turns).

p00ps00p the Trooper (Hill Orc Fighter)             Turns: 1000, Time: 00:00:44

Health: -1/27      AC:  6    Str: 18    XL:     2   Next: 16%
Magic:  2/2        EV:  9    Int: 11    God:
Gold:   63         SH:  4    Dex: 10    Spells: 1/1 levels left

rFire   . . .      SeeInvis .    a - +0 war axe
rCold   . . .      Faith    .    c - +0 buckler
rNeg    . . .      Spirit   .    b - +0 scale mail
rPois   .          Reflect  .    j - +0 hat {Int+3}
rElec   .          Harm     .    (no cloak)
rCorr   .          Rampage  .    (no gloves)
Will    .....                    (no boots)
Stlth   ..........               (no amulet)
HPRegen 0.24/turn                (no ring)
MPRegen 0.08/turn                (no ring)

@: lethally poisoned (-1 -> -16)
A: no striking features
a: no special abilities


You were on level 1 of the Dungeon.
You visited 1 branch of the dungeon, and saw 1 of its levels.

You collected 63 gold pieces.

Inventory:

Hand Weapons
 a - a +0 war axe (weapon)
Armour
 b - a +0 scale mail (worn)
 c - a +0 buckler (worn)
 j - a +0 hat of intelligence (worn)
Scrolls
 e - a scroll of butterflies {unknown}
 i - a scroll of identify {unknown}
 k - a scroll of immolation {unknown}
Potions
 d - a potion of might
 f - a potion of degeneration {unknown}
 g - a potion of invisibility {unknown}
 h - a potion of ambrosia {unknown}


   Skills:
 + Level 3.8 Fighting
 + Level 3.0 Axes
 + Level 3.4 Armour
 + Level 3.4 Shields


You had one spell level left.
You didn't know any spells.
Your spell library contained the following spells:

 Spells                   Type           Power      Damage    Failure   Level
 Sandblast                Erth           0%         2d4       82%         1
 Slow                     Hex            0%         N/A       82%         1
 Passwall                 Tmut/Erth      0%         N/A       91%         2
 Confusing Touch          Hex            0%         N/A       99%         3
 Stone Arrow              Conj/Erth      0%         3d7       99%         3
 Vampiric Draining        Necr           0%         2d6       99%         3
 Petrify                  Tmut/Erth      0%         N/A       100%        4
 Metabolic Englaciation   Hex/Ice        0%         N/A       100%        5
 Statue Form              Tmut/Erth      0%         N/A       100%        6


Dungeon Overview and Level Annotations

Branches:
Dungeon (1/15)

Altars:


Message History

You finish putting on your +0 hat of intelligence.
You feel clever.
Found a ring mail.
You see here a +0 ring mail.
Found an escape hatch in the floor.
k - a scroll labelled IRCHAY AKYRGH
There is an escape hatch in the floor here.
There is an escape hatch in the floor here.
You see here a +0 ring mail.
Key pressed, stopping explore.
There is an open door here.
You see here a +0 leather armour.
A kobold comes into view. It is wielding a +1 whip of venom.
The kobold shouts!
You see here 7 stones.
A kobold is nearby!
A kobold is nearby!
A kobold is nearby!
A kobold is nearby!
The kobold barely misses you.
You closely miss the kobold. The kobold hits you but does no damage.
You are poisoned.
You barely miss the kobold.
You feel very sick.
The kobold hits you with a +1 whip of venom.
You are more poisoned.
The kobold barely misses you.
You closely miss the kobold.
You feel very sick. The kobold hits you but does no damage.
You closely miss the kobold.
You feel very sick.
The kobold hits you with a +1 whip of venom.
You are more poisoned.
You block the kobold's attack.
You hit the kobold.
You kill the kobold!
* * * LOW HITPOINT WARNING * * *
You feel extremely sick.
You die...

# ##.########### #.# #
#.##...<...## #.#
####.##......[## #.#
.....##⌠.P.P.⌠## #.#
.#######.#.#.#####.# .#
#..##'#+#+##..#.##########
.#
#.............#..........#
.#
#####.######.###########.#
.# #....(...@....... #.#
.# ##.############## #)#
## #.########### #.#
#...........# #.#
#################[# #.#
#........# #.# #.#
#.######.# #.# #.# #.# #.#
#.# #.# #.# #.# #.# #.#


There were no monsters in sight!

Vanquished Creatures
  An endoplasm (D:1)
  3 kobolds (D:1)
  A ball python (D:1)
  2 frilled lizards (D:1)
  3 rats (D:1)
10 creatures vanquished.

Notes
Turn   | Place    | Note
-------+----------+-------------------------------------------
     0 | D:1      | p00ps00p the Hill Orc Fighter began the quest for the Orb.
     0 | D:1      | Reached XP level 1. HP: 19/19 MP: 1/1
   665 | D:1      | Reached XP level 2. HP: 18/27 MP: 2/2
  1000 | D:1      | Succumbed to a kobold's poison

Illustrated notes

Levels and vault maps discovered:
D:1:      spicycebolla_arrival_ecumenical, layout_basic

Skill      XL: |  1 |
---------------+----+-----
Axes           | 3 |  3.0
Fighting       | |  3.8
Armour         | |  3.4
Shields        | |  3.4

Action                   || total
-------------------------++-------
Melee: War axe           ||    30
Armor: Scale mail        ||    15
Dodge: Dodged            ||    17
Block: Buckler           ||     3

Table legend: (Time is in decaauts)
 A = Elapsed time spent in this place.
 B = Non-inter-level travel time spent in this place.
 C = Inter-level travel time spent in this place.
 D = Time resting spent in this place.
 E = Time spent auto-exploring this place.
 F = Levels seen in this place.
 G = Mean time per level.
                   A        B        C        D        E       F      G
               +--------+--------+--------+--------+--------+-----+--------+
         Total |   1011 |   1011 |      0 |      0 |    891 |   1 | 1011.0 |
       Dungeon |   1011 |   1011 |      0 |      0 |    891 |   1 | 1011.0 |
               +--------+--------+--------+--------+--------+-----+--------+

Top non-repeatable levels by time:
     D:1: 1011 daAuts
